 Dungeon Crawl Stone Soup version 0.20-a0-848-g73d9be0 (webtiles) character file.

30 Alarkh the Insei (level 3, 27/27 HPs)
             Began as a Demonspawn Transmuter on Mar 9, 2017.
             Quit the game on level 2 of the Dungeon.
             The game lasted 00:01:02 (1460 turns).

Alarkh the Insei (Demonspawn Transmuter)            Turns: 1460, Time: 00:01:02

Health: 27/27      AC:  2    Str: 10    XL:     3   Next: 3%
Magic:  6/6        EV: 12    Int: 15    God:
Gold:   100        SH:  0    Dex: 13    Spells: 5/6 levels left

rFire    . . .     SeeInvis .     - Unarmed
rCold    . . .     Gourm    +   b - +0 robe
rNeg     + . .     Faith    .   (no shield)
rPois    .         Spirit   .   (helmet restricted)
rElec    .         Reflect  .   (no cloak)
rCorr    .         Harm     .   (no gloves)
MR       .....                  (no boots)
Stlth    +.........             m - amulet of the gourmand
Regen    0.1/turn               p - ring of wizardry
MPRegen  0.1/turn               l - ring of positive energy

@: no status effects
A: antennae 1, claws 1
a: no special abilities


You were on level 2 of the Dungeon.
You were not hungry.

You visited 1 branch of the dungeon, and saw 2 of its levels.

You collected 100 gold pieces.

Inventory:

Missiles
 a - 30 arrows
Armour
 b - a +0 robe (worn)
Jewellery
 l - a ring of positive energy (left claw)
 m - an amulet of the gourmand (around neck)
 p - a ring of wizardry (right claw)
Scrolls
 e - a scroll of enchant weapon {unknown}
 f - a scroll of random uselessness {unknown}
 g - 2 scrolls of enchant armour {unknown}
 o - a scroll of remove curse {unknown}
 q - a scroll of teleportation {unknown}
 r - a scroll of identify {unknown}
Potions
 j - a potion of haste {unknown}
 n - a potion of agility {unknown}
Books
 c - a book of Changes

   Spells                             Type                      Level
   a - Beastly Appendage              Transmutation                1
   b - Sticks to Snakes               Transmutation                2
   c - Spider Form                    Transmutation/Poison         3
   d - Ice Form                       Ice/Transmutation            4
   e - Blade Hands                    Transmutation                5
Comestibles
 d - a bread ration
 h - a royal jelly
 i - 4 fruits
 k - a meat ration


   Skills:
 + Level 1.8 Fighting
 + Level 2.1 Dodging
 * Level 3.3 Unarmed Combat
 - Level 2.0 Spellcasting
 - Level 1.7 Transmutations


You had 5 spell levels left.
You knew the following spells:

 Your Spells              Type           Power        Failure   Level  Hunger
a - Beastly Appendage     Tmut           #.....       4%          1    #......


Dungeon Overview and Level Annotations

Branches:
Dungeon (2/15)

Altars:


Innate Abilities, Weirdness & Mutations

You have a pair of small antennae on your head.
You have sharp fingernails.


Message History

You kill the goblin!
No target in view!
No target in view!
No target in view!
No target in view!
No target in view!
No target in view!
No target in view!
No target in view!
s - 3 chunks of flesh Eating one of 3 chunks of flesh.
You eat one of the 3 chunks of flesh.
This raw flesh tastes great.
Eating one of 2 chunks of flesh.
You eat one of the 2 chunks of flesh.
This raw flesh tastes great.
Eating a chunk of flesh.
You eat the chunk of flesh.
This raw flesh tastes great.
You sense a monster nearby.
No target in view!
Found a stone staircase leading up.
Are you sure you want to abandon this character and quit the game? (Confirm with "yes".)

#.........#
#.........#
{#.........#
#........%# .
.#########.........#
.#...................#
...#######........###
...# #.........+ ...#
#.......@.# ...#
#......##.......
...######......#
.......
...............#
....%.<
...............#
.......
...............#
.......
.......##+######
....... ...###.#
......$ #### #.#


There were no monsters in sight!

Vanquished Creatures
  6 bats (D:1)
  A giant cockroach (D:2)
  A hobgoblin (D:1)
  A jackal (D:1)
  4 kobolds (D:1)
  A quokka (D:2)
  A ball python (D:1)
  7 goblins
  7 rats (D:1)
29 creatures vanquished.

Notes
Turn   | Place    | Note
-------+----------+-------------------------------------------
     0 | D:1      | Alarkh the Demonspawn Transmuter began the quest for the Orb.
     0 | D:1      | Reached XP level 1. HP: 15/15 MP: 3/3
   375 | D:1      | Gained mutation: You have sharp fingernails. [demonic ancestry]
   375 | D:1      | Reached XP level 2. HP: 17/21 MP: 5/5
   444 | D:1      | Reached skill level 3 in Unarmed Combat
  1426 | D:2      | Gained mutation: You have a pair of small antennae on your head. [demonic ancestry]
  1426 | D:2      | Reached XP level 3. HP: 27/27 MP: 6/6
  1460 | D:2      | Quit the game

Vault maps used:
D:1:      onia_arrival_handbag, minmay_tall_x

Skill      XL: |  1  2 |
---------------+-------+-----
Dodging        | 2 |  2.1
Unarmed Combat | 3 |  3.3
Fighting       | |  1.8
Spellcasting   | |  2.0
Transmutations | |  1.7

Action                   || total
-------------------------++-------
Melee: Unarmed           ||    91
       Kick              ||     3
       Headbutt          ||     1
       Punch             ||     1
 Cast: Beastly Appendage ||     4
 Stab: Sleeping          ||     1
  Eat: Chunk             ||     7
Armor: Robe              ||    28
Dodge: Dodged            ||    59
